 Dungeon Crawl Stone Soup version 0.30-a0-630-g881e3bac89 (webtiles) character file.

Game seed: 4972617768757082920

329 M4edhros the Chopper (level 6, -3/57 HPs)
             Began as a Minotaur Fighter on Jan 13, 2023.
             Was an Initiate of Trog.
             Slain by a gnoll sergeant
             ... wielding a +0 trident
              (5 damage)
             ... on level 6 of the Dungeon.
             The game lasted 00:02:19 (1124 turns).

M4edhros the Chopper (Minotaur Fighter)             Turns: 1124, Time: 00:02:19

Health: -3/57      AC:  7    Str: 19    XL:     6   Next: 25%
Magic:  5/5        EV:  9    Int:  9    God:    Trog [......]
Gold:   104        SH:  4    Dex: 11    Spells: 5/5 levels left

rFire   . . .      SeeInvis .    a - +0 war axe
rCold   . . .      Faith    .    c - +0 buckler
rNeg    . . .      Spirit   .    b - +0 scale mail
rPois   +          Reflect  .    (helmet restricted)
rElec   .          Harm     .    (no cloak)
rCorr   .          Rampage  .    (no gloves)
Will    .....                    (no boots) Stlth
                                 (no amulet)
HPRegen 0.29/turn                k - ring of poison resistance
MPRegen 0.09/turn                (no ring)

@: brilliant, flying, invisible
A: horns 2, retaliatory headbutt, clever 1, poison resistance, robust 1
a: Renounce Religion


You were on level 6 of the Dungeon.
You worshipped Trog.
Trog was noncommittal.
You visited 2 branches of the dungeon, and saw 7 of its levels.

You collected 104 gold pieces.

Inventory:

Hand Weapons
 a - a +0 war axe (weapon)
Armour
 b - a +0 scale mail (worn)
 c - a +0 buckler (worn)
Jewellery
 k - a ring of poison resistance (left hand)
 o - a ring of resist corrosion
Scrolls
 g - a scroll of enchant weapon {unknown}
 h - a scroll of butterflies {unknown}
 j - a scroll of blinking {unknown}
Potions
 d - 2 potions of might
 l - a potion of curing {unknown}
 m - a potion of brilliance
 p - a potion of mutation
Miscellaneous
 n - a piece from Xom's chessboard (15/15)


   Skills:
 - Level 4.1 Fighting
 + Level 7.3 Axes
 - Level 4.1 Armour
 - Level 4.1 Shields


You had 5 spell levels left.
You didn't know any spells.
Your spell library contained the following spells:

 Spells                   Type           Power      Damage    Failure   Level
 Kindle Blastsparks       Fire/Tloc/Air  0%         2d10      99%         3
 Fulminant Prism          Conj/Hex       0%         3d5       100%        4
 Iskenderun's Mystic Bla  Conj/Tloc      0%         2d3       100%        4
 Lee's Rapid Deconstruct  Erth           0%         3d4*      100%        5


Dungeon Overview and Level Annotations

Branches:
Dungeon (6/15)             Temple (1/1) D:5

Altars:
Ashenzari
Cheibriados
Dithmenos
Gozag
Kikubaaqudgha
Okawaru
Qazlal
Ru
Sif Muna
Trog
Vehumet
Xom
Zin

Shops:
D:3 =

Annotations:
D:3 2 runed translucent doors, BaabKaare's ghost, weakling DrTm


Innate Abilities, Weirdness & Mutations

You have a pair of horns on your head.
You reflexively headbutt those who attack you in melee.
Your mind is acute. (Int +4, Str/Dex -1)
Your system is resistant to poisons. (rPois)
You are robust. (+10% HP)


Message History

The gnoll sergeant barely misses you.
You are too injured to fight recklessly!
You are too injured to fight recklessly!
You are too injured to fight recklessly!
Okay, then.
You are too injured to fight recklessly!
You are too injured to fight recklessly!
Okay, then.
Okay, then.
You slash the gnoll!
You kill the gnoll!
Trog accepts your kill.
The gnoll hits you from afar with a +0 halberd!
* * * LOW HITPOINT WARNING * * *
The gnoll sergeant hits you from afar with a +0 trident.
* * * LOW HITPOINT WARNING * * *
It was a potion of brilliance.
You feel clever all of a sudden. The gnoll barely misses you.
It was a potion of mutation.
You feel extremely strange.
You feel resistant to poisons.
You feel clever.
You feel robust. The gnoll barely misses you.
The gnoll sergeant hits you but does no damage.
Okay, then.
It was a potion of flight.
You feel very buoyant.
You fly up into the air.
The gnoll hits you from afar with a +0 halberd.
* * * LOW HITPOINT WARNING * * *
The gnoll sergeant hits you with a +0 trident.
* * * LOW HITPOINT WARNING * * *
It was a potion of magic.
Magic courses through your body. The gnoll hits you but does no damage.
The gnoll sergeant hits you with a +0 trident.
* * * LOW HITPOINT WARNING * * *
It was a potion of invisibility.
You fade into invisibility!
The gnoll barely misses you.
The gnoll sergeant hits you with a +0 trident.
You die...

...8888.888.#.################.
#...........#..#.#.........)###
.......8..........#....#######.
#......8...........#..#..####..
#..................##.........
.#.8888.888.........##.........
...8888.888........#..#..#.#...
..................#....######..
...#.#........@#.#..........###
.)............g###############
............รท.g.#.....
..............g)gg.....
......#..)...........##
#....##..............#
##....##.............#
#........<............#
#......<..............#


You could see a gnoll sergeant (unable to see you) and 2 gnolls.

Vanquished Creatures
  A water moccasin (D:6)
  A phantom (D:5)
  An iguana (D:5)
  3 gnolls (D:6)
  7 adders
  5 orcs
  2 endoplasms (D:4)
  3 giant cockroaches
  3 goblins
  A hobgoblin (D:4)
  2 ball pythons (D:1)
  A bat (D:1)
  3 frilled lizards (D:3)
  5 kobolds
  A rat (D:3)
39 creatures vanquished.

Notes
Turn   | Place    | Note
-------+----------+-------------------------------------------
     0 | D:1      | M4edhros the Minotaur Fighter began the quest for the Orb.
     0 | D:1      | Reached XP level 1. HP: 19/19 MP: 0/0
    88 | D:1      | Reached XP level 2. HP: 26/27 MP: 1/1
   102 | D:1      | You fall into a shaft and drop 1 floor!
   189 | D:3      | Found a runed translucent door.
   209 | D:3      | Noticed BaabKaare's ghost (weakling DrTm)
   329 | D:3      | Found Nabbias's Jewellery Shoppe.
   396 | D:3      | Found a runed translucent door.
   453 | D:3      | Reached skill level 3 in Axes
   453 | D:3      | Reached XP level 3. HP: 31/33 MP: 2/2
   610 | D:5      | Entered Level 5 of the Dungeon
   663 | D:5      | Found a staircase to the Ecumenical Temple.
   681 | Temple   | Entered the Ecumenical Temple
   761 | Temple   | Became a worshipper of Trog the Wrathful
   795 | D:5      | Noticed a phantom
   806 | D:5      | Killed a phantom
   807 | D:5      | Reached skill level 5 in Axes
   807 | D:5      | Reached XP level 4. HP: 34/40 MP: 3/3
   819 | D:5      | Reached XP level 5. HP: 32/46 MP: 4/4
   962 | D:6      | Noticed a water moccasin
   972 | D:6      | Killed a water moccasin
   973 | D:6      | Reached skill level 7 in Axes
   973 | D:6      | Reached XP level 6. HP: 31/52 MP: 5/5
  1121 | D:6      | Gained mutation: Your system is resistant to poisons.
                  | (rPois) [potion of mutation]
  1121 | D:6      | Gained mutation: Your mind is acute. (Int +4, Str/Dex -1)
                  | [potion of mutation]
  1121 | D:6      | Gained mutation: You are robust. (+10% HP) [potion of
                  | mutation]
  1123 | D:6      | HP: 2/57 [gnoll sergeant/+0 trident (3)]
  1124 | D:6      | Slain by a gnoll sergeant

Illustrated notes

Levels and vault maps discovered:
D:1:      spicycebolla_arrival_xxxplode, layout_loops_ring,
          hellmonk_ecumenical_altar_blasted, palyth_stone_intersect
D:2:      layout_basic
D:3:      layout_loops_ring, serial_shops, nicolae_square_shop,
          ebering_ghost_sewer_f, glass_columns_a, st_stairs_11,
          kennysheep_generic_room_11
D:4:      nicolae_cairo_tiling_large, layout_loops_ring, uniq_grinder,
          uniq_eustachio
D:5:      layout_basic, minmay_temple_entry_butterflies, uniq_duvessa
D:6:      layout_cave_pools, tgw_fedhas, hellmonk_bongcloud_opening,
          nicolae_half_adder
Temple:   nicolae_temple_bog_church

Skill      XL: |  1  2  3  4  5 |
---------------+----------------+-----
Shields        | 4 |  4.1
Fighting       | 4 |  4.1
Axes           | 3 5 7 |  7.3
Armour         | 4 |  4.1

Action                   |  1- 3 |  4- 6 || total
-------------------------+-------+-------++-------
Melee: War axe           |    62 |    33 ||    95
       Headbutt          |     4 |     2 ||     6
  Use: Potion            |       |     5 ||     5
Armor: Scale mail        |    22 |    15 ||    37
Dodge: Dodged            |    33 |    25 ||    58
Block: Buckler           |    22 |     9 ||    31

Table legend: (Time is in decaauts)
 A = Elapsed time spent in this place.
 B = Non-inter-level travel time spent in this place.
 C = Inter-level travel time spent in this place.
 D = Time resting spent in this place.
 E = Time spent auto-exploring this place.
 F = Levels seen in this place.
 G = Mean time per level.
                   A        B        C        D        E       F      G
               +--------+--------+--------+--------+--------+-----+--------+
         Total |   1161 |   1105 |     56 |      0 |    743 |   7 |  165.9 |
       Dungeon |   1063 |   1018 |     45 |      0 |    743 |   6 |  177.2 |
        Temple |     98 |     87 |     11 |      0 |      0 |   1 |   98.0 |
               +--------+--------+--------+--------+--------+-----+--------+

Top non-repeatable levels by time:
     D:3: 427 daAuts
     D:6: 230 daAuts
     D:5: 203 daAuts
     D:1: 110 daAuts
  Temple: 98 daAuts
     D:4: 60 daAuts
     D:2: 31 daAuts
